| TOP OF THE 1ST |
|
Scranton WB RailRiders batting - Pitching for Buffalo Bisons : RHP Art Nobles
|
|
Pitching: RHP Art Nobles
|
|
|
Batting: RHB Devon Utley
|
0-0: Ball 1-0: Swinging Strike 1-1: Foul Ball, location: 2F 1-2: Strikes out swinging
|
|
Batting: LHB Aaron Joyner
|
0-0: Ball 1-0: Ball 2-0: Called Strike 2-1: Foul Ball, location: 2F 2-2: Foul Ball, location: 2F 2-2: Foul Ball, location: 2F 2-2: Foul Ball, location: 2F 2-2: Foul Ball, location: 2F 2-2: Ground out 3-1 (Groundball, 34S, EV 81.9 MPH)
|
|
Batting: SHB Mukhtar Wa'il
|
0-0: Fly out, F8 (Line Drive, 8LD, EV 105.0 MPH)
|
| Top of the 1st over - 0 runs, 0 hits, 0 errors, 0 left on base; Scranton WB 0 - Buffalo 0 |
| BOTTOM OF THE 1ST |
|
Buffalo Bisons batting - Pitching for Scranton WB RailRiders : LHP Jay Turpin
|
|
Pitching: LHP Jay Turpin
|
|
|
Batting: RHB Michel Martineau
|
0-0: Called Strike 0-1: Ball 1-1: Ball 2-1: Called Strike 2-2: Ball 3-2: Foul Ball, location: 2F 3-2: Strikes out swinging
|
|
Batting: RHB Frank Caulfield
|
0-0: Called Strike 0-1: Foul Ball, location: 2F 0-2: Ball 1-2: DOUBLE (Line Drive, 78D, EV 109.4 MPH)
|
|
Batting: SHB Dominik Hasek II
|
0-0: Called Strike 0-1: Fly out, F7 (Line Drive, 78D, EV 93.1 MPH) Runner from 2nd tags up, SAFE at 3rd with throw by LF
|
|
Batting: RHB Alex Ramos
|
0-0: Ball 1-0: Ball 2-0: Swinging Strike 2-1: Called Strike 2-2: Ball 3-2: Strikes out swinging
|
| Bottom of the 1st over - 0 runs, 1 hit, 0 errors, 1 left on base; Scranton WB 0 - Buffalo 0 |
| TOP OF THE 2ND |
|
Scranton WB RailRiders batting - Pitching for Buffalo Bisons : RHP Art Nobles
|
|
Batting: SHB Ryan Buchbinder
|
0-0: Ball 1-0: Ball 2-0: DOUBLE (Line Drive, 7LM, EV 110.0 MPH)
|
|
Batting: LHB Dan Morris
|
0-0: Fly out, F7 (Flyball, 78M, EV 91.2 MPH)
|
|
Batting: LHB Paul Diaz
|
0-0: Ball 1-0: Fly out, F7 (Flyball, 7LM, EV 96.2 MPH)
|
|
Batting: RHB Eric Davis
|
0-0: Ball 1-0: Called Strike 1-1: Foul Ball, location: 2F 1-2: Ball 2-2: Ball 3-2: Foul Ball, location: 2F 3-2: Reached on error, E4 (Groundball, 34, EV 102.5 MPH) Ryan Buchbinder scores
|
|
Batting: RHB Josh Zoglmann
|
0-0: Called Strike 0-1: SINGLE (Groundball, 6MS, EV 65.6 MPH) (infield hit) Eric Davis to third
|
|
Batting: LHB Jose Lebron
|
0-0: Called Strike 0-1: Ball 1-1: Ball 2-1: Foul Ball, location: 2F 2-2: Foul Ball, location: 2F 2-2: Foul Ball, location: 2F 2-2: Foul Ball, location: 2F 2-2: Ball 3-2: Fly out, F7 (Flyball, 78S, EV 93.8 MPH)
|
| Top of the 2nd over - 1 run, 2 hits, 1 error, 2 left on base; Scranton WB 1 - Buffalo 0 |
| BOTTOM OF THE 2ND |
|
Buffalo Bisons batting - Pitching for Scranton WB RailRiders : LHP Jay Turpin
|
|
Batting: RHB John Loving
|
0-0: Ball 1-0: Ball 2-0: Ball 3-0: Base on Balls
|
|
Batting: RHB Bryan Peterson
|
0-0: Ball 1-0: Called Strike 1-1: Ball 2-1: Ball 3-1: Ground out 5-3 (Groundball, 56S, EV 75.0 MPH) John Loving to second
|
|
Batting: RHB Kyle Scruggs
|
0-0: Called Strike 0-1: Called Strike 0-2: Ball 1-2: DOUBLE (Line Drive, 9LS, EV 101.9 MPH) John Loving scores
|
|
Batting: LHB Gabe Pace
|
0-0: Swinging Strike 0-1: Ball 1-1: Ball 2-1: Swinging Strike 2-2: Foul Ball, location: 2F 2-2: Strikes out looking
|
|
Batting: RHB Jorge Baret
|
0-0: Ball 1-0: Swinging Strike 1-1: Foul Ball, location: 2F 1-2: Ball 2-2: Fly out, F8 (Flyball, 89M, EV 90.6 MPH)
|
| Bottom of the 2nd over - 1 run, 1 hit, 0 errors, 1 left on base; Scranton WB 1 - Buffalo 1 |
| TOP OF THE 3RD |
|
Scranton WB RailRiders batting - Pitching for Buffalo Bisons : RHP Art Nobles
|
|
Batting: RHB Devon Utley
|
0-0: Ball 1-0: Called Strike 1-1: Foul Ball, location: 2F 1-2: SINGLE (Line Drive, 5D, EV 95.0 MPH)
|
|
Batting: LHB Aaron Joyner
|
0-0: Ball 1-0: Called Strike 1-1: Ball 2-1: Foul Ball, location: 2F 2-2: Strikes out looking
|
|
Batting: SHB Mukhtar Wa'il
|
Pickoff Throw to First - Error! E1 Devon Utley to second 0-0: Ball 1-0: Ball 2-0: Ball 3-0: Base on Balls
|
|
Batting: SHB Ryan Buchbinder
|
0-0: TRIPLE (Line Drive, 78XD, EV 108.8 MPH) Devon Utley scores Mukhtar Wa'il scores
|
|
Batting: LHB Dan Morris
|
0-0: 2-RUN HOME RUN (Line Drive, 9D, EV 101.9 MPH), Distance : 378 ft
|
|
Batting: LHB Paul Diaz
|
0-0: Ground out U3 (Groundball, 3L, EV 81.2 MPH)
|
|
Batting: RHB Eric Davis
|
0-0: Called Strike 0-1: Swinging Strike 0-2: Ball 1-2: Foul Ball, location: 2F 1-2: Ball 2-2: Strikes out looking
|
| Top of the 3rd over - 4 runs, 3 hits, 1 error, 0 left on base; Scranton WB 5 - Buffalo 1 |
| BOTTOM OF THE 3RD |
|
Buffalo Bisons batting - Pitching for Scranton WB RailRiders : LHP Jay Turpin
|
|
Batting: RHB Michel Martineau
|
0-0: Foul Ball, location: 2F 0-1: Ball 1-1: Ball 2-1: Ball 3-1: SINGLE (Groundball, 34D, EV 101.9 MPH)
|
|
Batting: RHB Frank Caulfield
|
0-0: Called Strike Michel Martineau steals 2nd, throwing error, E2 Michel Martineau to third 0-1: Ball 1-1: Ball 2-1: Ground out 6-3 (Groundball, 6, EV 78.1 MPH) Michel Martineau scores
|
|
Batting: SHB Dominik Hasek II
|
0-0: Swinging Strike 0-1: Called Strike 0-2: Foul Ball, location: 2F 0-2: Ball 1-2: Ground out 5-3 (Groundball, 56S, EV 90.0 MPH)
|
|
Batting: RHB Alex Ramos
|
0-0: Called Strike 0-1: Ball 1-1: Called Strike 1-2: Foul Ball, location: 2F 1-2: Foul Ball, location: 2F 1-2: Foul Ball, location: 2F 1-2: Ball 2-2: Ground out 6-3 (Groundball, 6, EV 88.8 MPH)
|
| Bottom of the 3rd over - 1 run, 1 hit, 1 error, 0 left on base; Scranton WB 5 - Buffalo 2 |
| TOP OF THE 4TH |
|
Scranton WB RailRiders batting - Pitching for Buffalo Bisons : RHP Art Nobles
|
|
Batting: RHB Josh Zoglmann
|
0-0: Ball 1-0: Foul Ball, location: 2F 1-1: Foul Ball, location: 2F 1-2: Ball 2-2: Foul Ball, location: 2F 2-2: Strikes out swinging
|
|
Batting: LHB Jose Lebron
|
0-0: Ball 1-0: Ball 2-0: Ball 3-0: Base on Balls
|
|
Batting: RHB Devon Utley
|
0-0: Ball 1-0: Foul Ball, location: 2F 1-1: Ball 2-1: Fly out, F8 (Flyball, 8RXD, EV 101.2 MPH)
|
|
Batting: LHB Aaron Joyner
|
0-0: Ball 1-0: Called Strike 1-1: Ball 2-1: Foul Ball, location: 2F 2-2: Foul Ball, location: 2F 2-2: Ball 3-2: Strikes out swinging
|
| Top of the 4th over - 0 runs, 0 hits, 0 errors, 1 left on base; Scranton WB 5 - Buffalo 2 |
| BOTTOM OF THE 4TH |
|
Buffalo Bisons batting - Pitching for Scranton WB RailRiders : LHP Jay Turpin
|
|
Batting: RHB John Loving
|
0-0: Called Strike 0-1: Called Strike 0-2: Strikes out swinging
|
|
Batting: RHB Bryan Peterson
|
0-0: Fly out, F6 (Popup, 6M, EV 71.2 MPH)
|
|
Batting: RHB Kyle Scruggs
|
0-0: Called Strike 0-1: Ball 1-1: Ball 2-1: SINGLE (Line Drive, 56D, EV 103.8 MPH)
|
|
Batting: LHB Gabe Pace
|
0-0: Ball 1-0: SINGLE (Groundball, 4D, EV 108.1 MPH) Kyle Scruggs to second Runner from 2nd tries for 3rd, SAFE, throw by CF made to third
|
|
Batting: RHB Jorge Baret
|
0-0: Called Strike 0-1: Swinging Strike 0-2: Foul Ball, location: 2F 0-2: Ball 1-2: 3-RUN HOME RUN (Flyball, 7D, EV 95.6 MPH), Distance : 373 ft
|
|
Pitching: RHP Devon Wiley
|
|
|
Batting: RHB Michel Martineau
|
0-0: Swinging Strike 0-1: Called Strike 0-2: Ball 1-2: Foul Ball, location: 2F 1-2: Strikes out swinging
|
| Bottom of the 4th over - 3 runs, 3 hits, 0 errors, 0 left on base; Scranton WB 5 - Buffalo 5 |
| TOP OF THE 5TH |
|
Scranton WB RailRiders batting - Pitching for Buffalo Bisons : RHP Art Nobles
|
|
Batting: SHB Mukhtar Wa'il
|
0-0: Ball 1-0: Called Strike 1-1: Ball 2-1: Swinging Strike 2-2: Foul Ball, location: 2F 2-2: Fly out, F5 (Line Drive, 56, EV 65.6 MPH)
|
|
Batting: SHB Ryan Buchbinder
|
0-0: Ground out U3 (Groundball, 34S, EV 85.0 MPH)
|
|
Batting: LHB Dan Morris
|
0-0: Foul Ball, location: 2F 0-1: Ball 1-1: Called Strike 1-2: Ball 2-2: Strikes out swinging
|
| Top of the 5th over - 0 runs, 0 hits, 0 errors, 0 left on base; Scranton WB 5 - Buffalo 5 |
| BOTTOM OF THE 5TH |
|
Buffalo Bisons batting - Pitching for Scranton WB RailRiders : RHP Devon Wiley
|
|
Batting: RHB Frank Caulfield
|
0-0: Ball 1-0: Called Strike 1-1: Ball 2-1: Ball 3-1: Swinging Strike 3-2: Ground out 3-1 (Groundball, 34, EV 81.9 MPH)
|
|
Batting: SHB Dominik Hasek II
|
0-0: Ball 1-0: Swinging Strike 1-1: TRIPLE (Line Drive, 8RXD, EV 104.4 MPH)
|
|
Batting: RHB Alex Ramos
|
0-0: Swinging Strike 0-1: Called Strike 0-2: Strikes out swinging
|
|
Batting: RHB John Loving
|
0-0: Ball 1-0: Called Strike 1-1: Swinging Strike 1-2: Strikes out swinging
|
| Bottom of the 5th over - 0 runs, 1 hit, 0 errors, 1 left on base; Scranton WB 5 - Buffalo 5 |
| TOP OF THE 6TH |
|
Scranton WB RailRiders batting - Pitching for Buffalo Bisons : RHP Art Nobles
|
|
Pitching: LHP Dylan Batstone
|
|
|
Batting: LHB Paul Diaz
|
0-0: Foul Ball, location: 2F 0-1: Ball 1-1: Called Strike 1-2: Strikes out swinging
|
|
Batting: RHB Eric Davis
|
0-0: Ball 1-0: Called Strike 1-1: Ball 2-1: Ball 3-1: Foul Ball, location: 2F 3-2: Fly out, F9 (Flyball, 89M, EV 88.1 MPH)
|
|
Batting: RHB Josh Zoglmann
|
0-0: Foul Ball, location: 2F 0-1: Ball 1-1: Ball 2-1: Reached on error, E4 (Groundball, 4M, EV 84.4 MPH)
|
|
Batting: LHB Jose Lebron
|
0-0: Called Strike 0-1: Ball 1-1: Fly out, F3 (Popup, 3SF, EV 76.9 MPH)
|
| Top of the 6th over - 0 runs, 0 hits, 1 error, 1 left on base; Scranton WB 5 - Buffalo 5 |
| BOTTOM OF THE 6TH |
|
Buffalo Bisons batting - Pitching for Scranton WB RailRiders : RHP Devon Wiley
|
|
Batting: RHB Bryan Peterson
|
0-0: Swinging Strike 0-1: Ball 1-1: Ball 2-1: Ball 3-1: Swinging Strike 3-2: Foul Ball, location: 2F 3-2: Strikes out looking
|
|
Batting: RHB Kyle Scruggs
|
0-0: SINGLE (Line Drive, 78M, EV 94.4 MPH)
|
|
Batting: LHB Gabe Pace
|
0-0: Grounds into double play, 4-6-3 (Groundball, 4, EV 93.8 MPH)
|
| Bottom of the 6th over - 0 runs, 1 hit, 0 errors, 0 left on base; Scranton WB 5 - Buffalo 5 |
| TOP OF THE 7TH |
|
Scranton WB RailRiders batting - Pitching for Buffalo Bisons : LHP Dylan Batstone
|
|
Pitching: RHP Chris Kroesen
|
|
|
Batting: RHB Devon Utley
|
0-0: Swinging Strike 0-1: Ground out 4-3 (Groundball, 4MS, EV 75.0 MPH)
|
|
Batting: LHB Aaron Joyner
|
0-0: Ball 1-0: Foul Ball, location: 2F 1-1: Ground out 1-3 (Groundball, 13S, EV 68.8 MPH)
|
|
Batting: SHB Mukhtar Wa'il
|
0-0: Ball 1-0: Swinging Strike 1-1: Ball 2-1: Ball 3-1: Swinging Strike 3-2: TRIPLE (Flyball, 9LD, EV 98.1 MPH)
|
|
Batting: SHB Ryan Buchbinder
|
0-0: DOUBLE (Flyball, 78XD, EV 114.4 MPH) Mukhtar Wa'il scores
|
|
Batting: LHB Dan Morris
|
0-0: Called Strike 0-1: Foul Ball, location: 2F 0-2: Ball 1-2: Strikes out looking
|
| Top of the 7th over - 1 run, 2 hits, 0 errors, 1 left on base; Scranton WB 6 - Buffalo 5 |
| BOTTOM OF THE 7TH |
|
Buffalo Bisons batting - Pitching for Scranton WB RailRiders : RHP Devon Wiley
|
|
Pitching: RHP Ray Richards
|
|
|
Batting: RHB Jorge Baret
|
0-0: Ball 1-0: Fly out, F9 (Flyball, 9LM, EV 88.8 MPH)
|
|
Batting: RHB Michel Martineau
|
0-0: Ball 1-0: Called Strike 1-1: Ball 2-1: DOUBLE (Line Drive, 3D, EV 94.4 MPH)
|
|
Pinch Hitting: LHB Rodrigo Briceno
|
0-0: Swinging Strike 0-1: Foul Ball, location: 2F 0-2: Ball 1-2: Ball Wild Pitch! Michel Martineau to third 2-2: Strikes out swinging
|
|
Batting: SHB Dominik Hasek II
|
0-0: Foul Ball, location: 2F 0-1: Ball 1-1: Foul Ball, location: 2F 1-2: Strikes out swinging
|
| Bottom of the 7th over - 0 runs, 1 hit, 0 errors, 1 left on base; Scranton WB 6 - Buffalo 5 |
| TOP OF THE 8TH |
|
Scranton WB RailRiders batting - Pitching for Buffalo Bisons : RHP Chris Kroesen
|
|
Pitching: LHP Mitchel Larson
|
|
|
Now at 1B: Rodrigo Briceno
|
|
|
Now at 2B: Alex Ramos
|
|
|
Batting: LHB Paul Diaz
|
0-0: Ball 1-0: Called Strike 1-1: Ball 2-1: Foul Ball, location: 2F 2-2: Ground out 5-3 (Groundball, 6, EV 85.0 MPH)
|
|
Pitching: RHP Pat Powell
|
|
|
Batting: RHB Eric Davis
|
0-0: Ball 1-0: Called Strike 1-1: Ball 2-1: Ball 3-1: Ground out 4-3 (Groundball, 34D, EV 108.8 MPH)
|
|
Batting: RHB Josh Zoglmann
|
0-0: SINGLE (Groundball, 56D, EV 101.9 MPH)
|
|
Batting: LHB Jose Lebron
|
0-0: Called Strike 0-1: Swinging Strike 0-2: Ball 1-2: Strikes out swinging
|
| Top of the 8th over - 0 runs, 1 hit, 0 errors, 1 left on base; Scranton WB 6 - Buffalo 5 |
| BOTTOM OF THE 8TH |
|
Buffalo Bisons batting - Pitching for Scranton WB RailRiders : RHP Ray Richards
|
|
Pitching: RHP Jim Milch
|
|
|
Batting: RHB Alex Ramos
|
0-0: Called Strike 0-1: Ground out 4-3 (Groundball, 4M, EV 83.8 MPH)
|
|
Batting: RHB John Loving
|
0-0: Ball 1-0: Ground out 4-3 (Groundball, 4, EV 103.8 MPH)
|
|
Batting: RHB Bryan Peterson
|
0-0: Foul Ball, location: 2F 0-1: Foul Ball, location: 2F 0-2: Ball 1-2: Ball 2-2: Ball 3-2: Base on Balls
|
|
Batting: RHB Kyle Scruggs
|
0-0: Ball Bryan Peterson is caught stealing 2nd base 2-4
|
| Bottom of the 8th over - 0 runs, 0 hits, 0 errors, 0 left on base; Scranton WB 6 - Buffalo 5 |
| TOP OF THE 9TH |
|
Scranton WB RailRiders batting - Pitching for Buffalo Bisons : RHP Pat Powell
|
|
Batting: RHB Devon Utley
|
0-0: Called Strike 0-1: Ball 1-1: Ball 2-1: Ground out 6-3 (Groundball, 6, EV 106.9 MPH)
|
|
Batting: LHB Aaron Joyner
|
0-0: Ball 1-0: Ball 2-0: Ball 3-0: Called Strike 3-1: Base on Balls
|
|
Batting: SHB Mukhtar Wa'il
|
0-0: Ball 1-0: Called Strike 1-1: Ball 2-1: Ball 3-1: Grounds into double play, 4-6-3 (Groundball, 3, EV 84.4 MPH)
|
| Top of the 9th over - 0 runs, 0 hits, 0 errors, 0 left on base; Scranton WB 6 - Buffalo 5 |
| BOTTOM OF THE 9TH |
|
Buffalo Bisons batting - Pitching for Scranton WB RailRiders : RHP Jim Milch
|
|
Pitching: RHP Joe Kimbrough
|
|
|
Now at 1B: Paul Diaz
|
|
|
Now at 2B: Jordan Barragan
|
|
|
Batting: RHB Kyle Scruggs
|
0-0: Ball 1-0: Swinging Strike 1-1: Ground out 6-3 (Groundball, 56, EV 88.8 MPH)
|
|
Batting: LHB Gabe Pace
|
0-0: SINGLE (Groundball, 34D, EV 96.9 MPH)
|
|
Batting: RHB Jorge Baret
|
0-0: Called Strike Gabe Pace steals 2nd base 0-1: Ball 1-1: Ball 2-1: Foul Ball, location: 2F 2-2: Ball 3-2: Foul Ball, location: 2F 3-2: Ground out 6-3 (Groundball, 6M, EV 91.2 MPH) Gabe Pace to third
|
|
Batting: RHB Michel Martineau
|
0-0: Ball 1-0: Called Strike 1-1: Ball 2-1: Ball 3-1: Called Strike 3-2: Base on Balls
|
|
Batting: LHB Rodrigo Briceno
|
0-0: Ball 1-0: Ball Michel Martineau steals 2nd base (no throw) 2-0: Called Strike 2-1: Fly out, F7 (Flyball, 7, EV 93.1 MPH)
|
| Bottom of the 9th over - 0 runs, 1 hit, 0 errors, 2 left on base; Scranton WB 6 - Buffalo 5 |
|